AoeStats
← Nao do Conta de Trabaia

Arabia

506983466Analyzed
2v2 RM · 17d ago on Sep 16, 2026· 29m 13s· 4 players
Game mode
Random Map
Map size
Medium (4 player)
Population
200
Speed
Normal
Resources
Standard
Victory
Conquest
Starting age
Dark Age
Ending age
Imperial Age
RankedLock teamsTeams togetherTeam positionsShared explorationLock speedFull tech treeHidden civsTurbo modeCheats
Victory
Defeat
🇵🇪 Persians · Peru
1312
+13
🇵🇪 Lithuanians · Peru
1235
+17
🇲🇽 Vietnamese · Mexico
1293
-17
1212
-13
Peru_Rush
10:04 Feudal Age
8:20 Loom
11:04 Double-Bit Axe
15:41 Forging
19:00 Wheelbarrow
19:35 Horse Collar
19:46 Gold Mining
22:57 Castle Age
21:38 Scale Barding Armor
21:47 Bloodlines
23:06 Stone Mining
23:58 Chain Barding Armor
24:49 Bow Saw
24:12 Light Cavalry
26:15 Iron Casting
27:55 Hand Cart
Peru_o_O
4:06 Loom
9:50 Feudal Age
10:35 Double-Bit Axe
13:05 Wheelbarrow
18:41 Castle Age
17:02 Horse Collar
18:59 Bloodlines
24:31 Scale Barding Armor
25:27 Bow Saw
26:31 Chain Barding Armor
30:01 Forging
mbuenrostro56
4:51 Loom
11:47 Feudal Age
17:27 Castle Age
23:47 Fletching
26:30 Wheelbarrow
26:09 Padded Archer Armor
27:08 Crossbowman
27:53 Bodkin Arrow
29:11 Leather Archer Armor
Nao do Conta de Trabaia
10:18 Feudal Age
8:33 Loom
14:03 Castle Age
12:55 Scale Mail Armor
22:59 Double-Bit Axe
25:39 Pikeman
27:04 Horse Collar
Connection lost

Rejoining the realm…

Still unreachable

The connection could not be restored.

Session expired

The server has moved on; the page needs a fresh start.